 Dungeon Crawl Stone Soup version 0.29-a0-821-g66395355a5 (webtiles) character file.

Game seed: 6955791296564313856

10047 kevlar127 the Grappler (level 11, -6/115 HPs)
             Began as a Troll Berserker on July 7, 2022.
             Was a High Priest of Trog.
             Shot with an arrow by a centaur warrior (8 damage)
             ... on level 10 of the Dungeon.
             The game lasted 00:27:48 (10255 turns).

kevlar127 the Grappler (Troll Berserker)           Turns: 10255, Time: 00:27:49

Health: -6/115     AC:  8    Str: 31    XL:     11   Next: 31%
Magic:  10/10      EV: 10    Int:  3    God:    Trog [*****.]
Gold:   625        SH:  0    Dex:  9    Spells: 10/10 levels left

rFire   . . .      SeeInvis .     - Unarmed
rCold   . . .      Faith    +   (no shield)
rNeg    . . .      Spirit   .   H - +1 troll leather armour
rPois   +          Reflect  .   (helmet restricted)
rElec   .          Harm     .   B - +0 cloak
rCorr   .          Rampage  .   (gloves unavailable)
Will    +++..                   (boots unavailable)
Stlth   +.........              f - amulet of faith
HPRegen 2.89/turn               l - ring of willpower
MPRegen 0.12/turn               x - ring of poison resistance

@: about to teleport, strong-willed, regenerating
A: large, unfitting armour, claws 3, regeneration 1, shaggy fur 1, tough skin 1
a: Renounce Religion, Berserk, Trog's Hand, Brothers in Arms


You were on level 10 of the Dungeon.
You worshipped Trog.
Trog was extremely pleased with you.
You visited 1 branch of the dungeon, and saw 10 of its levels.

You collected 985 gold pieces.
You spent 360 gold pieces at shops.

Inventory:

Missiles
 q - 83 stones (quivered)
 s - 2 datura-tipped darts
 O - 2 boomerangs
Armour
 B - a +0 cloak (worn)
 H - a +1 troll leather armour (worn)
Jewellery
 f - an amulet of faith (around neck)
 l - a ring of willpower (left claw)
 w - a ring of willpower
 x - a ring of poison resistance (right claw)
 G - a ring of willpower
 N - a ring of willpower
Wands
 r - a wand of flame (23)
 D - a wand of light (7)
 J - a wand of mindburst (12)
Scrolls
 a - 4 scrolls of magic mapping
 b - 5 scrolls of teleportation
 c - 2 scrolls of identify
 e - 3 scrolls of immolation {unknown}
 g - a scroll of fear {unknown}
 h - 2 scrolls of acquirement {unknown}
 k - 3 scrolls of amnesia {unknown}
 n - 2 scrolls of blinking {unknown}
 t - 2 scrolls of poison {unknown}
 u - 6 scrolls of noise
 y - 2 scrolls of brand weapon {unknown}
 E - a scroll of torment {unknown}
 K - a scroll of fog {unknown}
 L - 2 scrolls of enchant weapon {unknown}
 M - a scroll of vulnerability {unknown}
Potions
 d - 2 potions of mutation {unknown}
 i - 5 potions of haste
 j - a potion of cancellation {unknown}
 m - 2 potions of flight {unknown}
 o - a potion of berserk rage {unknown}
 p - 2 potions of attraction {unknown}
 v - 5 potions of curing
 z - a potion of brilliance {unknown}
 A - a potion of magic {unknown}
 C - 2 potions of resistance
 F - 3 potions of might
 I - a potion of heal wounds {unknown}
 P - a potion of degeneration {unknown}


   Skills:
 + Level 9.6 Fighting
 - Level 5.0 Throwing
 - Level 3.0 Armour
 - Level 3.0 Dodging
 + Level 11.4 Unarmed Combat
 + Level 4.0 Evocations


You had 10 spell levels left.
You didn't know any spells.
Your spell library was empty.

Dungeon Overview and Level Annotations

Branches:
Dungeon (10/15)            Temple (0/1) D:6
   Lair: D:8-11         Orc: D:9-12

Altars:
Cheibriados
Elyvilon
Gozag
Nemelex Xobeh
Trog
Vehumet

Shops:
D:2 [   D:4 (   D:6 ?   D:7 *


Innate Abilities, Weirdness & Mutations

You are too large for most types of armour.
You have claws for hands.
Your natural rate of healing is unusually fast.
You are covered in fur. (AC +1)
You have tough skin. (AC +1)


Message History

Throw: 85 stones
Press: ? - help, Q - select action, (/) - cycle Shift-Dir - straight line, f - centaur warrior
Aim: a centaur warrior, wielding a +0 shortbow (wandering, hasn't noticed you, 69% to hit)
You throw a stone.
The stone barely misses the centaur warrior.
The centaur warrior shouts!
The centaur warrior shoots an arrow.
The arrow hits you!!
Throw: 84 stones
Press: ? - help, Q - select action, (/) - cycle Shift-Dir - straight line, f/p - centaur warrior
Aim: a centaur warrior, wielding a +0 shortbow (69% to hit)
You throw a stone. The stone hits the centaur warrior.
The centaur warrior is lightly wounded.
The centaur warrior shoots an arrow.
The arrow hits you!!
The centaur warrior shoots an arrow.
The arrow hits you!
The centaur warrior shoots an arrow.
The arrow closely misses you.
The centaur warrior shoots an arrow.
The arrow completely misses you.
The eight-headed hydra roars!
You hear a shout!
You hear a bellow!
The centaur warrior shoots an arrow.
The arrow hits you!
You hear a bellow!
You hear a bellow!
The centaur warrior shoots an arrow.
The arrow hits you!
Your skin crawls.
You feel strong-willed.
As you read the scroll of teleportation, it crumbles to dust.
You feel strangely unstable.
The centaur warrior shoots an arrow.
The arrow hits you!!
* * * LOW HITPOINT WARNING * * *
The eight-headed hydra completely misses you.
The eight-headed hydra bites you!
* * * LOW HITPOINT WARNING * * *
The eight-headed hydra bites you!
* * * LOW HITPOINT WARNING * * *
The eight-headed hydra bites you.
* * * LOW HITPOINT WARNING * * *
The eight-headed hydra closely misses you.
The eight-headed hydra bites you but does no damage.
The eight-headed hydra misses you. The eight-headed hydra bites you.
* * * LOW HITPOINT WARNING * * *
The centaur warrior shoots an arrow.
The arrow hits you!
You die...

..#
##....#+##..........#
..# #....#
#..........# ..#
##...# #c..?.[....#
### #..........#
#..........#
#..........#
#..........#
#..........#
#.@........#####
#D#.............
#..#.........#######
>..###........#......
#..# ##....[.##.####.
#..# ##...........#.
#..# +#..####.##.#.
..# ##......<# #.
###...#.# #.


You could see an eight-headed hydra and a centaur warrior.

Vanquished Creatures
  A two-headed ogre (D:10)
  A centaur warrior (D:10)
  A hornet (D:7)
  23 yaks
  3 wyverns
  A wraith (D:10)
  2 water moccasins (D:7)
  An orc warrior (D:10)
  4 ice beasts
  A black bear (D:5)
  3 sky beasts
  A hornet zombie (D:7)
  3 ogres
  4 centaurs
  2 phantoms
  Blork the orc (D:6)
  3 bullfrogs
  A necrophage (D:6)
  A water moccasin zombie (D:7)
  A wyvern zombie (D:7)
  3 scorpions
  18 wights
  10 killer bees
  5 howler monkeys
  2 gnoll boudas
  3 bullfrog zombies (D:7)
  2 hounds
  4 orc priests
  An iguana (D:4)
  7 orc wizards
  A killer bee zombie (D:7)
  A howler monkey zombie (D:7)
  8 adders
  6 gnolls
  A shadow imp (D:7)
  2 ufetubi
  3 worms
  2 dart slugs (D:1)
  25 orcs
  4 ball pythons
  11 endoplasms
  3 giant cockroaches
  6 goblins
  7 hobgoblins
  4 jackals (D:1)
  4 quokkas
  8 bats
  4 frilled lizards
  7 kobolds
  6 rats
226 creatures vanquished.

Vanquished Creatures (others)
  A necrophage (D:5)
  2 gnolls (D:5)
  A withered plant (D:7)
4 creatures vanquished.

Grand Total: 230 creatures vanquished

Notes
Turn   | Place    | Note
-------+----------+-------------------------------------------
     0 | D:1      | kevlar127 the Troll Berserker began the quest for the Orb.
     0 | D:1      | Reached XP level 1. HP: 22/22 MP: 0/0
    74 | D:1      | Reached XP level 2. HP: 29/29 MP: 1/1
   435 | D:1      | Reached XP level 3. HP: 36/36 MP: 2/2
   802 | D:1      | Reached ** piety under Trog
  1303 | D:2      | Reached skill level 4 in Unarmed Combat
  1303 | D:2      | Reached XP level 4. HP: 45/45 MP: 3/3
  1726 | D:2      | Found Norphegut's Antique Armour Shoppe.
  1783 | D:3      | Found a faded altar of an unknown god.
  1972 | D:3      | Noticed a scorpion
  1976 | D:3      | Killed a scorpion
  1977 | D:3      | Reached XP level 5. HP: 54/54 MP: 4/4
  2688 | D:4      | Found a transporter.
  2695 | D:4      | Reached skill level 5 in Unarmed Combat
  2743 | D:4      | Found a transporter.
  2871 | D:4      | Reached XP level 6. HP: 53/63 MP: 5/5
  2879 | D:4      | HP: 4/91 [wight/+4 mace (4)]
  3137 | D:4      | Reached XP level 7. HP: 57/71 MP: 6/6
  3167 | D:4      | Reached *** piety under Trog
  3168 | D:4      | Reached skill level 6 in Unarmed Combat
  3173 | D:4      | Reached skill level 5 in Fighting
  3388 | D:4      | Found Vuegyv Peho's Weapon Emporium.
  3587 | D:5      | Entered Level 5 of the Dungeon
  3630 | D:5      | Found a sparkling altar of Nemelex Xobeh.
  3777 | D:5      | Reached skill level 1 in Throwing
  4219 | D:4      | Reached XP level 8. HP: 57/83 MP: 7/7
  4223 | D:4      | Reached skill level 7 in Unarmed Combat
  5307 | D:6      | Noticed Blork the orc
  5308 | D:6      | Found Xuodun's Magic Scroll Emporium.
  5317 | D:6      | Killed Blork the orc
  5334 | D:6      | Found a white marble altar of Elyvilon.
  5403 | D:6      | Found a staircase to the Ecumenical Temple.
  5588 | D:6      | Identified the +7 short sword "Sarcophage" {drain, Fragile
                  | rElec rPois Stlth-}
  6177 | D:7      | Noticed a hornet
  6185 | D:7      | Killed a hornet
  6186 | D:7      | Reached skill level 8 in Unarmed Combat
  6188 | D:7      | Reached XP level 9. HP: 22/92 MP: 8/8
  6749 | D:2      | Bought a runed troll leather armour for 360 gold pieces
  6911 | D:7      | Reached **** piety under Trog
  6924 | D:7      | Reached skill level 5 in Throwing
  6972 | D:7      | Found Cusher's Assorted Antiques.
  7138 | D:7      | Reached skill level 9 in Unarmed Combat
  7521 | D:8      | Found a bloodstained altar of Trog.
  7546 | D:8      | Reached XP level 10. HP: 104/104 MP: 9/9
  7550 | D:8      | Reached skill level 10 in Unarmed Combat
  7691 | D:8      | Reached skill level 1 in Armour
  7691 | D:8      | Reached skill level 1 in Evocations
  7801 | D:8      | Found a snail-covered altar of Cheibriados.
  7829 | D:8      | Reached ***** piety under Trog
  8722 | D:9      | Found an opulent altar of Gozag.
  9015 | D:9      | Reached XP level 11. HP: 106/115 MP: 10/10
  9023 | D:9      | Reached skill level 11 in Unarmed Combat
  9428 | D:10     | Entered Level 10 of the Dungeon
  9439 | D:10     | Noticed a two-headed ogre
  9446 | D:10     | Killed a two-headed ogre
  9864 | D:10     | Found a radiant altar of Vehumet.
 10007 | D:10     | Noticed a centaur warrior
 10007 | D:10     | Noticed an eight-headed hydra
 10007 | D:10     | Noticed a centaur warrior
 10013 | D:10     | Killed a centaur warrior
 10255 | D:10     | HP: 2/115 [eight-headed hydra (6)]
 10255 | D:10     | Shot with an arrow by a centaur warrior

Illustrated notes

Levels and vault maps discovered:
D:1:      sevenhm_arrival_forest_fort_small_4, layout_basic
D:2:      layout_loops_corners, serial_shops, shop, minmay_box_of_dots
D:3:      layout_loops_corners, chequers_ecumenical_altar_simple,
          ebering_dispersal_statue_hall, solitary_fountain
D:4:      gammafunk_cloud_chamber, layout_cave_pools, serial_shops,
          nicolae_take_the_stairs, st_stairs_7, minmay_misc_feat_rugged,
          corner_web_ring, eino_tiny_chamber
D:5:      layout_basic, amcnicky_altar_gilded, hangedman_decor_points,
          minivault_19, solitary_fountain, lemuel_flamethrower_2
D:6:      layout_basic, mainiacjoe_overflow_paths,
          minmay_temple_entry_glassed_door, serial_shops, shop,
          uniq_blork_the_orc
D:7:      minmay_polygon_palace, layout_loops_ring, serial_undead,
          serial_undead_a, serial_undead_d, serial_undead_e, serial_undead_c,
          serial_shops, shop
D:8:      layout_cave_pools, overflow_temple_1_default, lemuel_crystal_altar,
          minmay_misc_feat_four_crosses
D:9:      layout_loops_ring, nicolae_overflow_crystal_walls
D:10:     minmay_sliced_demisemicircle, layout_basic, overflow_temple_1_default,
          tso_metal_star

Skill      XL: |  1  2  3  4  5  6  7  8  9 10 11 |
---------------+----------------------------------+-----
Fighting       | 3 4 5 6 8 9 |  9.6
Unarmed Combat | 4 5 6 8 9 10 11 | 11.4
Throwing       | 2 4 5 |  5.0
Dodging        | 3 |  3.0
Armour         | 3 |  3.0
Evocations     | 3 4 |  4.0

Action                   |  1- 3 |  4- 6 |  7- 9 | 10-12 || total
-------------------------+-------+-------+-------+-------++-------
Melee: Unarmed           |   108 |    88 |   276 |   218 ||   690
       Punch             |     5 |     1 |     6 |    12 ||    24
Throw: Stone             |       |       |       |     2 ||     2
Invok: Berserk           |       |     1 |     2 |     2 ||     5
       Trog's Hand       |       |       |     4 |     3 ||     7
  Use: Scroll            |       |       |       |     8 ||     8
Armor: Animal skin       |    34 |    24 |    24 |       ||    82
       Robe              |       |       |    21 |       ||    21
       Troll leather arm |       |       |    37 |    61 ||    98
Dodge: Dodged            |    52 |    47 |   138 |   137 ||   374

Table legend: (Time is in decaauts)
 A = Elapsed time spent in this place.
 B = Non-inter-level travel time spent in this place.
 C = Inter-level travel time spent in this place.
 D = Time resting spent in this place.
 E = Time spent auto-exploring this place.
 F = Levels seen in this place.
 G = Mean time per level.
                   A        B        C        D        E       F      G
               +--------+--------+--------+--------+--------+-----+--------+
         Total |  10222 |   9388 |    834 |   2568 |   5425 |  10 | 1022.2 |
       Dungeon |  10222 |   9388 |    834 |   2568 |   5425 |  10 | 1022.2 |
               +--------+--------+--------+--------+--------+-----+--------+

Top non-repeatable levels by time:
     D:4: 2066 daAuts
     D:7: 1207 daAuts
     D:9: 997 daAuts
     D:2: 979 daAuts
     D:3: 933 daAuts
     D:1: 914 daAuts
     D:8: 896 daAuts
    D:10: 834 daAuts
     D:6: 747 daAuts
     D:5: 645 daAuts
